 Dungeon Crawl Stone Soup version 0.23.1 (webtiles) character file.

Game seed: 2217006823617280748

10406 PikkenKukken the Grappler (level 11, -15/109 HPs)
             Began as a Troll Monk on Mar 9, 2019.
             Was a High Priest of Okawaru.
             Demolished by a four-headed hydra (18 damage)
             ... on level 2 of the Lair of Beasts.
             The game lasted 00:20:29 (9675 turns).

PikkenKukken the Grappler (Troll Monk)              Turns: 9675, Time: 00:20:30

Health: -15/109    AC:  8    Str: 21    XL:     11   Next: 35%
Magic:  12/13      EV: 18    Int:  6    God:    Okawaru [*****.]
Gold:   606        SH:  0    Dex: 15    Spells: 10/10 levels left

rFire    . . .     SeeInvis .   i - +1 giant spiked club
rCold    . . .     Gourm    +   (shield currently unavailable)
rNeg     + . .     Faith    .   a - +0 robe
rPois    .         Spirit   .   z - +0 hat
rElec    .         Reflect  .   g - +1 cloak
rCorr    .         Harm     .   (gloves unavailable)
MR       .....                  (boots unavailable)
Stlth    +++.......             (no amulet)
HPRegen  0.68/turn              p - +1 ring of evasion
MPRegen  0.13/turn              h - ring of positive energy

@: lethally poisoned (-15 -> -23), heroism
A: large, unfitting armour, claws 3, fast metabolism 3, gourmand, regeneration
1, shaggy fur 1, tough skin 3
a: Heroism, Finesse, Renounce Religion


You were on level 2 of the Lair of Beasts.
You worshipped Okawaru.
Okawaru was extremely pleased with you.
You were completely stuffed.

You visited 3 branches of the dungeon, and saw 13 of its levels.
You also visited: Sewer.

You collected 606 gold pieces.

Inventory:

Hand Weapons
 i - a +1 giant spiked club (weapon)
Missiles
 o - 4 poisoned tomahawks (quivered)
 D - 4 poisoned javelins
Armour
 a - a +0 robe (worn)
 g - a +1 cloak (worn)
 z - a +0 hat (worn)
Jewellery
 h - a ring of positive energy (right claw)
 m - an uncursed ring of flight
 p - a +1 ring of evasion (left claw)
 s - an uncursed ring of ice
Wands
 d - a wand of random effects (13)
 x - a wand of iceblast (12)
 A - a wand of paralysis (28)
 C - a wand of scattershot (6)
 F - a wand of digging (6)
Scrolls
 c - 2 scrolls of fear
 e - 2 scrolls of identify
 f - 9 scrolls of remove curse
 l - 7 scrolls of teleportation
 q - 3 scrolls of enchant armour
 w - 4 scrolls of blinking
 y - a scroll of amnesia
Potions
 j - 9 potions of heal wounds
 k - a potion of degeneration {unknown}
 n - 5 potions of curing
 r - a potion of berserk rage {unknown}
 t - a potion of haste
 u - a potion of might {unknown}
 v - 3 potions of mutation
 B - 2 potions of flight
 E - a potion of invisibility {unknown}
Comestibles
 b - 26 rations
 G - 4 chunks of flesh


   Skills:
 + Level 7.0(12.0) Fighting
 + Level 6.3(11.3) Throwing
 + Level 6.9(11.9) Dodging
 - Level 1.0(6.0) Stealth
 * Level 11.4(16.4) Unarmed Combat
 - Level 5.0 Invocations
 + Level 0.7 Evocations


You had 10 spell levels left.
You didn't know any spells.
Your spell library contained the following spells:

 Spells                   Type           Power        Failure   Level  Hunger
 Confusing Touch          Hex            #.....       45%         1    ##.....
 Summon Butterflies       Summ           #.......     45%         1    ##.....
 Call Canine Familiar     Summ           #.......     83%         3    ####...
 Confuse                  Hex            #.......     83%         3    ####...
 Gell's Gravitas          Tloc           #.........   83%         3    ####...
 Petrify                  Tmut/Erth      #.......     99%         4    #####..
 Summon Ice Beast         Ice/Summ       #.......     99%         4    #####..
 Metabolic Englaciation   Hex/Ice        #.........   100%        5    ######.
 Summon Mana Viper        Hex/Summ       #.......     100%        5    ######.
 Yara's Violent Unravell  Hex/Tmut       #.........   100%        5    ######.
 Summon Hydra             Summ           #.........   100%        7    #######


Dungeon Overview and Level Annotations

Branches:
Dungeon (10/15)            Temple (1/1) D:6            Lair (2/6) D:10
  Swamp: Lair:2-4    Shoals: Lair:2-4     Snake: Lair:2-4    Spider: Lair:2-4
    Orc: D:9-12

Altars:
Ashenzari
Cheibriados
Dithmenos
Elyvilon
Fedhas
Gozag
Hepliaklqana
Kikubaaqudgha
Makhleb
Nemelex Xobeh
Okawaru
Qazlal
Ru
Trog
Uskayaw
Vehumet
Wu Jian
Xom
Yredelemnul
Zin
The Shining One

Shops:
D:6 [   D:7 (   D:10 %

Annotations:
D:5 1 runed translucent door, Crazy Yiuf, Jessica
Lair:1 1 runed translucent door, wreck's ghost, journeyman HOFi


Innate Abilities, Weirdness & Mutations

You are too large for most types of armour.
You have claws for hands.
Your metabolism is lightning-fast.
You like to eat raw meat.
Your natural rate of healing is unusually fast.
You are covered in fur. (AC +1)
You have extremely tough skin. (AC +3)


Message History

You pound the four-headed hydra like an anvil!!!
The four-headed hydra is severely wounded.
The four-headed hydra bites you!
The four-headed hydra barely misses you.
The four-headed hydra bites you but does no damage.
The four-headed hydra bites you.
* * * LOW HITPOINT WARNING * * *
You barely miss the four-headed hydra.
The four-headed hydra is severely wounded.
The four-headed hydra bites you.
* * * LOW HITPOINT WARNING * * *
The four-headed hydra closely misses you.
The four-headed hydra completely misses you. x2
The spiny frog stings you!
* * * LOW HITPOINT WARNING * * *
You are poisoned.
The spiny frog poisons you! The four-headed hydra bites you!
* * * LOW HITPOINT WARNING * * *
The four-headed hydra bites you!!
You die...

#..P ##....#.... #..#
#P......... ###
##..###.......... ...
#....#........... #...
##...........#....
#..####.#..........#....
#.................#....
#.##.###...........#.#..
#. #...kD@...(............
#.(.###.##F...............
#.......................
#.###'###...............
...P#...........^...
###.#....P..######.#
.#?#.#...####.# #.#.#
.#+#.#...# #####... #P.
.P#.... ##....#


You could see a four-headed hydra, a spiny frog and a rime drake.

Vanquished Creatures
  Harold (D:7)
  A two-headed ogre (D:10)
  Pikel (D:7)
  An elephant (D:10)
  Joseph (D:8)
  3 spiny frogs (Lair:1)
  A centaur skeleton (D:10)
  A komodo dragon (D:10)
  5 blink frogs (Lair:2)
  2 hippogriffs (Lair:1)
  A yak (D:10)
  Menkaure (D:4)
  7 water moccasins
  2 porcupines
  3 sky beasts
  2 ice beasts
  2 orc warriors (D:9)
  A black bear (D:10)
  3 ogres
  3 phantoms
  2 centaurs
  6 crocodiles
  A big kobold (D:10)
  9 bullfrogs
  A wyvern zombie (D:10)
  A water moccasin zombie (D:7)
  A scorpion (D:9)
  4 crimson imps
  6 hounds
  A bullfrog zombie (D:5)
  3 orc priests
  A jelly (D:6)
  A bullfrog skeleton (D:6)
  6 iguanas
  7 orc wizards
  8 worker ants
  2 killer bee zombies (D:8)
  A worker ant zombie (D:5)
  4 gnolls
  13 adders
  A shadow imp (D:6)
  An ooze (D:2)
  An adder zombie (D:9)
  2 adder skeletons
  3 worms
  2 dart slugs
  9 leopard geckos
  28 orcs
  9 bats
  A giant cockroach (D:4)
  6 goblins
  14 hobgoblins
  14 jackals
  4 quokkas
  4 ball pythons (Sewer)
  5 frilled lizards
  16 kobolds
  A leopard gecko zombie (D:7)
  14 rats
  3 plants (Sewer)
258 creatures vanquished.

Vanquished Creatures (others)
  2 fungi (Lair:2)
2 creatures vanquished.

Grand Total: 260 creatures vanquished

Notes
Turn   | Place    | Note
-------+----------+-------------------------------------------
     0 | D:1      | PikkenKukken the Troll Monk began the quest for the Orb.
     0 | D:1      | Reached XP level 1. HP: 22/22 MP: 0/0
    69 | D:1      | Reached XP level 2. HP: 22/29 MP: 1/1
   600 | D:1      | Reached XP level 3. HP: 36/36 MP: 2/2
   845 | D:2      | Reached skill level 4 in Unarmed Combat
   956 | D:2      | Reached XP level 4. HP: 44/44 MP: 3/3
  1253 | D:3      | Reached XP level 5. HP: 53/53 MP: 4/4
  1378 | D:3      | Found a sparkling altar of Nemelex Xobeh.
  1842 | D:3      | Reached skill level 5 in Unarmed Combat
  2209 | D:4      | Reached XP level 6. HP: 61/61 MP: 5/5
  2260 | D:4      | Found a glowing golden altar of the Shining One.
  2371 | D:4      | Found a white marble altar of Elyvilon.
  2388 | D:4      | Found a snail-covered altar of Cheibriados.
  2509 | D:4      | Found a burning altar of Makhleb.
  2509 | D:4      | Found a shimmering altar of Xom.
  2604 | D:4      | Noticed Menkaure
  2654 | D:4      | Killed Menkaure
  2654 | D:4      | Reached skill level 1 in Throwing
  2962 | D:5      | Entered Level 5 of the Dungeon
  2971 | D:4      | Reached XP level 7. HP: 15/68 MP: 6/6
  3066 | D:4      | Reached skill level 6 in Unarmed Combat
  3349 | D:5      | Found a runed translucent door.
  3350 | D:5      | Noticed Crazy Yiuf
  3427 | D:5      | Found a glowing drain.
  3440 | Sewer    | Entered a sewer
  4228 | D:5      | Noticed Jessica
  4519 | D:6      | Found a staircase to the Ecumenical Temple.
  4545 | Temple   | Entered the Ecumenical Temple
  4650 | Temple   | Became a worshipper of Warmaster Okawaru
  4650 | Temple   | Reached * piety under Okawaru
  4650 | Temple   | Reached ** piety under Okawaru
  4662 | D:6      | Reached XP level 8. HP: 79/79 MP: 7/7
  4685 | D:6      | Reached skill level 7 in Unarmed Combat
  5017 | D:6      | Found an iron altar of Okawaru.
  5058 | D:6      | Found an opulent altar of Gozag.
  5125 | D:6      | Found Busa's Antique Armour Shoppe.
  5370 | D:7      | Reached skill level 1 in Invocations
  5399 | D:7      | Found a glowing silver altar of Zin.
  5424 | D:7      | Noticed Harold
  5456 | D:7      | Killed Harold
  5456 | D:7      | Reached *** piety under Okawaru
  5456 | D:7      | Reached skill level 5 in Fighting
  5456 | D:7      | Reached skill level 5 in Dodging
  5456 | D:7      | Reached skill level 8 in Unarmed Combat
  5456 | D:7      | Reached XP level 9. HP: 54/88 MP: 5/9
  5816 | D:7      | Found Egyn's Weapon Boutique.
  5819 | D:7      | Noticed Pikel
  5847 | D:7      | Killed Pikel
  5847 | D:7      | Reached skill level 9 in Unarmed Combat
  6168 | D:7      | Found a bloodstained altar of Trog.
  6401 | D:8      | Noticed Joseph
  6413 | D:8      | Killed Joseph
  6421 | D:8      | Reached **** piety under Okawaru
  6460 | D:8      | Found a shadowy altar of Dithmenos.
  6499 | D:8      | Reached XP level 10. HP: 76/98 MP: 8/11
  7177 | D:9      | Reached skill level 5 in Throwing
  7230 | D:9      | Received a gift from Okawaru
  7390 | D:9      | Reached skill level 10 in Unarmed Combat
  7509 | D:10     | Entered Level 10 of the Dungeon
  7534 | D:10     | Found a staircase to the Lair.
  7534 | D:10     | Noticed an elephant
  7564 | D:10     | Killed an elephant
  7967 | D:10     | Noticed a two-headed ogre
  7973 | D:10     | Killed a two-headed ogre
  8243 | D:10     | Found Faeluukh's Food Shoppe.
  8413 | Lair:1   | Entered Level 1 of the Lair of Beasts
  8456 | Lair:1   | Reached ***** piety under Okawaru
  8705 | Lair:1   | Reached XP level 11. HP: 107/107 MP: 13/13
  8856 | Lair:1   | Reached skill level 11 in Unarmed Combat
  9052 | Lair:1   | Found a runed translucent door.
  9057 | Lair:1   | Noticed wreck's ghost (journeyman HOFi)
  9066 | Lair:1   | Reached skill level 5 in Invocations
  9478 | Lair:2   | Received a gift from Okawaru
  9664 | Lair:2   | Noticed a four-headed hydra
  9675 | Lair:2   | HP: 3/109 [four-headed hydra (11)]
  9675 | Lair:2   | Demolished by a four-headed hydra

Skill      XL: |  1  2  3  4  5  6  7  8  9 10 11 |
---------------+----------------------------------+-----
Unarmed Combat | 4 5 6 8 9 10 11 | 11.4
Dodging        | 3 4 5 6 |  6.9
Fighting       | 3 4 5 6 7 |  7.0
Throwing       | 1 2 3 4 5 6 |  6.3
Invocations    | 2 3 4 5 |  5.0
Stealth        | |  1.0
Evocations     | |  0.7

Action                   |  1- 3 |  4- 6 |  7- 9 | 10-12 || total
-------------------------+-------+-------+-------+-------++-------
Melee: Unarmed           |    83 |   163 |   329 |   243 ||   818
       Punch             |     1 |       |    12 |    16 ||    29
       Giant spiked club |       |       |       |     4 ||     4
Invok: Heroism           |       |       |     6 |    15 ||    21
Evoke: Wand              |       |       |       |     1 ||     1
  Use: Scroll            |     5 |       |     6 |     3 ||    14
       Potion            |       |       |       |     1 ||     1
 Stab: Sleeping          |     2 |     5 |     3 |     2 ||    12
  Eat: Chunk             |    14 |    16 |    33 |    32 ||    95
Armor: Robe              |    29 |    42 |    64 |    49 ||   184
Dodge: Dodged            |    42 |    90 |   178 |   156 ||   466
